 Dungeon Crawl Stone Soup version 0.17.1-3-g152610e (webtiles) character file.

66 HandofTrog the Skirmisher (level 3, -5/30 HPs)
             Began as a Demonspawn Gladiator on Apr 3, 2016.
             Slain by Sargon's ghost (11 damage)
             ... on level 3 of the Dungeon.
             The game lasted 00:03:08 (1770 turns).

HandofTrog the Skirmisher (Demonspawn Gladiator)    Turns: 1770, Time: 00:03:08

Health: -5/30      AC:  3    Str: 16    XL:     3   Next: 96%
Magic:  3/3        EV: 12    Int:  9    God:
Gold:   124        SH:  0    Dex: 13    Spells: 0 memorised, 2 levels left

rFire  . . .     SeeInvis .     a - +0 quarterstaff
rCold  . . .     Clarity  .     b - +0 leather armour
rNeg   . . .     SustAt   .     (shield currently unavailable)
rPois  .         Gourm    .     (helmet restricted)
rElec  .         Spirit   .     (no cloak)
rCorr  .         Warding  .     (no gloves)
rMut   .         Stasis   .     (no boots)
MR     .....                    (no amulet)
Stlth  +.........               (no ring)
                                (no ring)

@: not resistant to hostile enchantments, very unstealthy
A: horns 1, powered by death 1
a: no special abilities


You were on level 3 of the Dungeon.
You were not hungry.

You visited 1 branch of the dungeon, and saw 3 of its levels.

You collected 124 gold pieces.

Inventory:

Hand Weapons
 a - a +0 quarterstaff (weapon)
 w - a +0 dagger of freezing
Missiles
 d - 3 throwing nets (quivered)
Armour
 b - a +0 leather armour (worn)
 c - a +0 helmet
Jewellery
 k - an uncursed ring of stealth {unknown}
 n - a +3 ring of dexterity {unknown}
Scrolls
 j - 2 scrolls of enchant weapon {unknown}
 m - a scroll of magic mapping {unknown}
 o - 3 scrolls of remove curse {unknown}
 p - a scroll of identify {unknown}
 s - a scroll of blinking {unknown}
 t - a scroll of noise {unknown}
 x - a scroll of teleportation {unknown}
Potions
 f - 2 potions of ambrosia {unknown}
 h - a potion of heal wounds {unknown}
 i - a potion of flight {unknown}
 l - a potion of curing {unknown}
 q - a potion of poison {unknown}
 u - 2 potions of invisibility {unknown}
 v - a potion of might {unknown}
 z - a potion of resistance {unknown}
Comestibles
 e - 4 bread rations
 g - a beef jerky
 r - 2 fruits
 A - 2 chunks of flesh


   Skills:
 + Level 4.3 Fighting
 - Level 2.6 Staves
 - Level 1.7 Throwing
 - Level 2.6 Dodging


You had 2 spell levels left.
You didn't know any spells.

Dungeon Overview and Level Annotations

Branches:
Dungeon (3/15)

Altars:

Annotations:
D:3 Sargon's ghost, amateur FoFi


Innate Abilities, Weirdness & Mutations

You have a pair of small horns on your head.
You regenerate a little health from kills.


Message History

The goblin is severely wounded.
The goblin hits you but does no damage.
Sargon's ghost (amateur Formicid Fighter) comes into view.
You closely miss the goblin.
Sargon's ghost turns its malevolent gaze towards you.
Your headbutt misses the goblin.
The goblin is severely wounded.
The goblin hits you but does no damage.
You miss the goblin. Your headbutt misses the goblin.
The goblin is severely wounded.
The goblin hits you but does no damage.
You hit the goblin.
You kill the goblin!
Sargon's ghost hits you!
You miss Sargon's ghost. Sargon's ghost hits you!
A rat comes into view.
You closely miss Sargon's ghost. Sargon's ghost hits you.
* * * LOW HITPOINT WARNING * * *
Sargon's ghost hits you!
You die...

...#####........####.##.
.............##..###....
...####.#######......###
#.# #..##...# # #.#
##.###..## ###.# #..#
#..###
###...#####.####.....
#...##....r........#
#...#..@W###.###..##.#
#...).#### #. .....#
#...### .. .......
#..... ..# ....... #....
.. .>..... #...# ...
....... #.#. .....>. ...


You could see Sargon's ghost and a rat (wandering).

Vanquished Creatures
  An adder (D:3)
  An ooze (D:2)
  A worm (D:2)
  A giant gecko (D:2)
  7 bats
  A giant cockroach (D:1)
  5 hobgoblins
  4 jackals (D:1)
  2 ball pythons (D:2)
  4 giant newts (D:1)
  9 goblins
  6 kobolds
  3 rats
45 creatures vanquished.

Notes
Turn   | Place    | Note
--------------------------------------------------------------
     0 | D:1      | HandofTrog the Demonspawn Gladiator began the quest for the Orb.
     0 | D:1      | Reached XP level 1. HP: 16/16 MP: 1/1
   131 | D:1      | Gained mutation: You have a pair of small horns on your head. [demonic ancestry]
   131 | D:1      | Reached XP level 2. HP: 14/23 MP: 2/2
   348 | D:1      | Reached skill level 3 in Fighting
   703 | D:1      | Gained mutation: You regenerate a little health from kills. [demonic ancestry]
   703 | D:1      | Reached XP level 3. HP: 26/29 MP: 3/3
  1367 | D:2      | Reached skill level 4 in Fighting
  1764 | D:3      | Noticed Sargon's ghost (amateur FoFi)
  1770 | D:3      | Slain by Sargon's ghost

Action                   || total
-------------------------++-------
Melee: Quarterstaff      ||   132
  Eat: Chunk             ||     3
